 Dungeon Crawl Stone Soup version 0.30-a0-462-gd5975efbca (webtiles) character file.

Game seed: 1056716039446175240

70 Engwar the Changer (level 4, 0/28 HPs)
             Began as an Octopode Transmuter on Dec 16, 2022.
             Killed from afar by an orc wizard (8 damage)
             ... with a puff of flame
             ... on level 3 of the Dungeon.
             The game lasted 00:04:29 (1822 turns).

Engwar the Changer (Octopode Transmuter)            Turns: 1822, Time: 00:04:29

Health: 0/28       AC:  1    Str:  9    XL:     4   Next: 21%
Magic:  6/7        EV: 13    Int: 17    God:
Gold:   38         SH:  0    Dex: 12    Spells: 1/7 levels left

rFire   . . .      SeeInvis .      - Unarmed
rCold   . . .      Faith    .    (no shield)
rNeg    . . .      Spirit   .    (helmet currently unavailable)
rPois   .          Reflect  .    (no amulet)
rElec   .          Harm     .    m - ring of flight
rCorr   .          Rampage  .    (no ring)
Will    .....                    (no ring)
Stlth   ++........               (no ring)
HPRegen 0.24/turn                (no ring)
MPRegen 0.10/turn                (no ring)
                                 (no ring)
                                 (no ring)

@: appendages, flying
A: tentacle spike 3, almost no armour, amphibious, 8 rings, camouflage 1,
gelatinous body 1, (nimble swimmer 1), tentacles
a: End Transformation


You were on level 3 of the Dungeon.
One of your tentacles had grown a beastly spike.
You visited 1 branch of the dungeon, and saw 3 of its levels.

You collected 96 gold pieces.
You spent 58 gold pieces at shops.

Inventory:

Missiles
 o - a throwing net
Armour
 i - a +0 kite shield
 j - a +1 buckler
Jewellery
 m - a ring of flight (left tentacle)
Scrolls
 g - a scroll of immolation
Potions
 a - a potion of lignification
 c - a potion of heal wounds {unknown}
 d - a potion of curing
 e - a potion of berserk rage {unknown}
 f - 2 potions of degeneration {unknown}


   Skills:
 - Level 1.0 Fighting
 - Level 2.0 Dodging
 - Level 3.0 Unarmed Combat
 - Level 2.0 Spellcasting
 + Level 3.7 Transmutations
 + Level 2.4 Poison Magic


You had one spell level left.
You knew the following spells:

 Your Spells              Type           Power      Damage    Failure   Level
a - Beastly Appendage     Tmut           28%        N/A       4%          1
b - Wereblood             Tmut           14%        N/A       6%          2
c - Spider Form           Tmut/Pois      12%        N/A       17%         3

Your spell library contained the following spells:

 Spells                   Type           Power      Damage    Failure   Level
 Apportation              Tloc           2%         N/A       19%         1
 Ice Form                 Ice/Tmut       8%         N/A       65%         4
 Alistair's Intoxication  Tmut/Pois      8%         N/A       83%         5


Dungeon Overview and Level Annotations

Branches:
Dungeon (3/15)

Altars:
Fedhas

Shops:
D:1 [


Innate Abilities, Weirdness & Mutations

One of your tentacles has grown a beastly spike.
You cannot wear most types of armour.
You are amphibious.
You can wear up to eight rings at the same time.
Your skin changes colour to match your surroundings (Stealth+).
Your rubbery body absorbs attacks. (AC +1, EV +1)
((You are camouflaged when in or above water. (Stealth+)))
You have tentacles for arms and can constrict up to eight enemies at once.


Message History

You closely miss the adder. You grab the adder.
You pierce the adder.
The adder is almost dead.
You constrict the adder.
You kill the adder!
You have reached level 4!
You closely miss the orc. You grab the orc.
You constrict the orc, but do no damage.
The orc barely misses you.
You tentacle-slap the orc.
You pierce the orc.
You squeeze the orc.
You kill the orc!
You tentacle-slap the orc. You grab the orc.
You pierce the orc.
The orc is heavily wounded.
You constrict the orc. The orc misses you.
You tentacle-slap the orc but do no damage.
The orc is severely wounded.
You constrict the orc. The orc hits you with a +0 dagger.
You tentacle-slap the orc.
You kill the orc!
You miss something.
Your tentacle spike misses something.
Your squeeze misses something. Something hits you.
You tentacle-slap something.
Your tentacle spike misses something.
Your squeeze misses something.
You hear some strange, mumbled words.
A magic dart appears from out of thin air!
The magic dart hits you!
* * * LOW HITPOINT WARNING * * *
You miss something. Your squeeze misses something. Something hits you.
* * * LOW HITPOINT WARNING * * *
You barely miss something.
You pierce something.
Something hits you.
* * * LOW HITPOINT WARNING * * *
You tentacle-slap something but do no damage.
Your tentacle spike misses something.
A rat comes into view.
Something hits you.
* * * LOW HITPOINT WARNING * * *
It was a potion of curing.
You feel better.
You hear some strange, mumbled words.
A puff of flame appears from out of thin air!
The puff of flame hits you!
You die...

#.. #.# #.# #
#.# ####.####
#.# #.....{..
#.# #{#
##.###@#
#......#...
##.[...r....#
#.#######.##
#.# #.# #.#
#########.#
#.........##


You could see a rat (wandering).

Vanquished Creatures
  4 adders
  A dart slug (D:2)
  2 orcs (D:3)
  4 endoplasms
  A goblin (D:1)
  2 hobgoblins
  4 jackals (D:2)
  2 kobolds (D:2)
  3 ball pythons
  4 bats
  3 rats
30 creatures vanquished.

Notes
Turn   | Place    | Note
-------+----------+-------------------------------------------
     0 | D:1      | Engwar the Octopode Transmuter began the quest for the Orb.
     0 | D:1      | Reached XP level 1. HP: 13/13 MP: 3/3
   499 | D:1      | Reached XP level 2. HP: 18/18 MP: 3/5
   502 | D:1      | Learned a level 2 spell: Wereblood
   679 | D:1      | Found Repnigh's Armour Shop.
   979 | D:1      | Bought a +0 buckler for 58 gold pieces
  1230 | D:2      | Found a blossoming altar of Fedhas.
  1285 | D:2      | Reached skill level 1 in Poison Magic
  1285 | D:2      | Reached XP level 3. HP: 17/23 MP: 6/6
  1289 | D:2      | Learned a level 3 spell: Spider Form
  1812 | D:3      | Reached XP level 4. HP: 20/28 MP: 5/7
  1821 | D:3      | HP: 1/28 [something (2)]
  1822 | D:3      | Killed from afar by an orc wizard

Illustrated notes

Levels and vault maps discovered:
D:1:      wander_arrival_fairy_ring, layout_basic, serial_shops, shop,
          moated_statue
D:2:      layout_loops_ring, basic_altar, minmay_distorted
D:3:      layout_loops_corners, xom_confusion_cloud

Skill      XL: |  1  2  3 |
---------------+----------+-----
Transmutations | 3 |  3.7
Poison Magic   | 1 2 |  2.4
Fighting       | |  1.0
Dodging        | |  2.0
Unarmed Combat | |  3.0
Spellcasting   | |  2.0

Action                   |  1- 3 |  4- 6 || total
-------------------------+-------+-------++-------
Melee: Unarmed           |    68 |    10 ||    78
       Tentacles         |    12 |     1 ||    13
       Kick              |    10 |     3 ||    13
       Punch             |     1 |       ||     1
       Constrict         |    14 |     2 ||    16
 Cast: Beastly Appendage |     9 |       ||     9
       Spider Form       |     1 |       ||     1
  Use: Scroll            |     6 |       ||     6
       Potion            |       |     1 ||     1
 Stab: Sleeping          |     3 |       ||     3
       Distracted        |     1 |       ||     1
Armor: Skin              |     9 |       ||     9
Dodge: Dodged            |    49 |     2 ||    51

Table legend: (Time is in decaauts)
 A = Elapsed time spent in this place.
 B = Non-inter-level travel time spent in this place.
 C = Inter-level travel time spent in this place.
 D = Time resting spent in this place.
 E = Time spent auto-exploring this place.
 F = Levels seen in this place.
 G = Mean time per level.
                   A        B        C        D        E       F      G
               +--------+--------+--------+--------+--------+-----+--------+
         Total |   1817 |   1637 |    180 |    100 |   1284 |   3 |  605.7 |
       Dungeon |   1817 |   1637 |    180 |    100 |   1284 |   3 |  605.7 |
               +--------+--------+--------+--------+--------+-----+--------+

Top non-repeatable levels by time:
     D:1: 923 daAuts
     D:2: 743 daAuts
     D:3: 151 daAuts
